 Dungeon Crawl Stone Soup version 0.17-a0-1954-g0dddeaa (webtiles) character file.

23 Gorice the Skirmisher (level 2, -2/24 HPs)
             Began as a Mummy Wanderer on Oct 3, 2015.
             Slain by a goblin
             ... wielding a +0 club
             ... led by Robin
              (5 damage)
             ... on level 1 of the Dungeon.
             The game lasted 00:04:22 (1645 turns).

Gorice the Skirmisher (Mummy Wanderer)              Turns: 1645, Time: 00:04:22

Health: -2/24      AC:  4    Str: 15    XL:     2   Next: 75%
Magic:  3/3        EV: 11    Int: 10    God:
Gold:   44         SH:  0    Dex: 12    Spells: 0 memorised, 1 level left

rFire  x . .     SeeInvis .     a - +0 dagger (venom)
rCold  + . .     Clarity  .     d - +0 robe
rNeg   + + +     SustAt   .     (no shield)
rPois  ∞         Gourm    .     (no helmet)
rElec  .         Spirit   .     f - +1 cloak
rCorr  .         Warding  .     (no gloves)
rMut   .         Stasis   .     (no boots)
MR     .....                    (no amulet)
Stlth  ++........               (no ring)
                                (no ring)

@: not resistant to hostile enchantments, unstealthy
A: no food or potions, fire vulnerability, cold resistance 1, negative energy
resistance 3, torment resistance, unbreathing
a: no special abilities


You were on level 1 of the Dungeon.
You were not hungry.

You visited 1 branch of the dungeon, and saw 2 of its levels.

You collected 44 gold pieces.

Inventory:

Hand weapons
 a - a +0 dagger of venom (weapon)
   (You took it off a goblin on level 1 of the Dungeon)
 c - a +0 hand axe
 h - a +0 short sword
 i - a +0 hunting sling
Missiles
 e - 25 bolts
 k - 9 poisoned needles
 l - 9 arrows of frost
 Z - 18 stones (quivered)
Armour
 d - a +0 robe (worn)
 f - a +1 cloak (worn)
Magical devices
 b - a wand of confusion (15)
Scrolls
 g - a scroll of identify {unknown}
 j - a scroll of teleportation {unknown}


   Skills:
 * Level 3.3 Fighting
 - Level 1.5 Short Blades
 - Level 1.5 Axes
 - Level 1.0 Dodging
 - Level 1.0 Stealth
 - Level 1.5 Evocations


You had one spell level left.
You didn't know any spells.

Dungeon Overview and Level Annotations

Branches:
Dungeon (2/15)

Altars:

Annotations:
D:1 Robin


Innate Abilities, Weirdness & Mutations

You do not eat or drink.
Your flesh is vulnerable to fire.
You are immune to poison.
Your flesh is cold resistant.
You are immune to negative energy.
You are immune to unholy pain and torment.
You can survive without breathing.


Message History

There is a stone staircase leading up here.
Robin roars a battlecry!
The goblins go into a battle-frenzy!
The goblin hits you but does no damage.
You climb upwards.
There is a stone staircase leading down here.
You hit the goblin but do no damage.
The goblin is poisoned.
You hit the goblin.
The goblin looks even sicker.
The goblin is severely wounded.
The goblin hits you but does no damage.
You miss the goblin.
The goblin is almost dead.
You kill the goblin!
No target in view!
There is a stone staircase leading down, spattered with blood here.
You see here a club.
There is a stone staircase leading down here.
You climb downwards.
Level annotation: Robin The goblin closely misses you.
There is a stone staircase leading up here.
Unknown command.
The goblin hits you but does no damage. Robin barely misses you.
You climb upwards.
There is a stone staircase leading down here.
There is a stone staircase leading down, spattered with blood here.
You see here a club.
The goblin hits you but does no damage.
You see here a robe.
Robin throws the goblin at you! The goblin hits you with a club.
Damage: 5 (max 5)
You barely miss the goblin. You closely miss the goblin.
The goblin closely misses you.
You hit Robin.
Robin is poisoned.
Robin is lightly wounded.
Robin misses you. The goblin hits you with a club.
Damage: 1 (max 5)
You hit Robin but do no damage.
Robin looks even sicker.
Robin is moderately wounded.
Robin hits you with a mace. The goblin hits you but does no damage.
Damage: 1 (max 5)
You hit Robin.
Robin is severely wounded.
Robin roars a battlecry!
The goblin goes into a battle-frenzy!
Robin hits you with a mace! The goblin hits you with a club.
* * * LOW HITPOINT WARNING * * *
Damage: 14 (max 14)
The goblin hits you with a club.
You die...

.....# #.............g...########
.....###...#####.##.#..#.##.....#
...............)..#†#.##.##.....#
..................#<#...........#
...........>......#.#.##.##.....#
.#######....>.[..##.#..#.##.....#
.## #.......###.#.......########
..## #.#...#.# #g####..###.......
.#.###.#...#.# #@g.....###.#####.
...........#.# ######.......####.
##.###.#...#.# #.......###.......
#..# #.#...#.# #.#####.# #.#####.
.#.# #.!.....###.#####.# #.......
##.# ######.........##.# ########
#.# ######.##......##.# #.#
#......##.#.......#
##.###.#######.##...####


You could see Robin and a goblin (frenzied).

Vanquished Creatures
  2 bats (D:1)
  A giant cockroach (D:1)
  8 goblins (D:1)
  2 hobgoblins (D:1)
  2 ball pythons
  A giant gecko (D:1)
  A giant newt (D:1)
  4 kobolds (D:1)
  4 rats
25 creatures vanquished.

Notes
Turn   | Place    | Note
--------------------------------------------------------------
     0 | D:1      | Gorice the Mummy Wanderer began the quest for the Orb.
     0 | D:1      | Gorice set off with: a wand of confusion (15), a +0 short sword, a +0 hand axe, a +0 robe, a !bad item (cl:100,ty:0,pl:0,pl2:0,sp:0,qu:0), a !bad item (cl:100,ty:0,pl:0,pl2:0,sp:0,qu:0), a !bad item (cl:100,ty:0,pl:0,pl2:0,sp:0,qu:0), a !bad item (cl:100,ty:0,pl:0,pl2:0,sp:0,qu:0), a !bad item (cl:100,ty:0,pl:0,pl2:0,sp:0,qu:0), a !bad item (cl:100,ty:0,pl:0,pl2:0,sp:0,qu:0), a !bad item (cl:100,ty:0,pl:0,pl2:0,sp:0,qu:0), a !bad item (cl:100,ty:0,pl:0,pl2:0,sp:0,qu:0), a !bad item (cl:100,ty:0,pl:0,pl2:0,sp:0,qu:0), a !bad item (cl:100,ty:0,pl:0,pl2:0,sp:0,qu:0), a !bad item (cl:100,ty:0,pl:0,pl2:0,sp:0,qu:0), a !bad item (cl:100,ty:0,pl:0,pl2:0,sp:0,qu:0), a !bad item (cl:100,ty:0,pl:0,pl2:0,sp:0,qu:0), a !bad item (cl:100,ty:0,pl:0,pl2:0,sp:0,qu:0), a !bad item (cl:100,ty:0,pl:0,pl2:0,sp:0,qu:0), a !bad item (cl:100,ty:0,pl:0,pl2:0,sp:0,qu:0), a !bad item (cl:100,ty:0,pl:0,pl2:0,sp:0,qu:0), a !bad item (cl:100,ty:0,pl:0,pl2:0,sp:0,qu:0), a !bad item (cl:100,ty:0,pl:0,pl2:0,sp:0,qu:0), a !bad item (cl:100,ty:0,pl:0,pl2:0,sp:0,qu:0), a !bad item (cl:100,ty:0,pl:0,pl2:0,sp:0,qu:0), a !bad item (cl:100,ty:0,pl:0,pl2:0,sp:0,qu:0), a !bad item (cl:100,ty:0,pl:0,pl2:0,sp:0,qu:0), a !bad item (cl:100,ty:0,pl:0,pl2:0,sp:0,qu:0), a !bad item (cl:100,ty:0,pl:0,pl2:0,sp:0,qu:0), a !bad item (cl:100,ty:0,pl:0,pl2:0,sp:0,qu:0), a !bad item (cl:100,ty:0,pl:0,pl2:0,sp:0,qu:0), a !bad item (cl:100,ty:0,pl:0,pl2:0,sp:0,qu:0), a !bad item (cl:100,ty:0,pl:0,pl2:0,sp:0,qu:0), a !bad item (cl:100,ty:0,pl:0,pl2:0,sp:0,qu:0), a !bad item (cl:100,ty:0,pl:0,pl2:0,sp:0,qu:0), a !bad item (cl:100,ty:0,pl:0,pl2:0,sp:0,qu:0), a !bad item (cl:100,ty:0,pl:0,pl2:0,sp:0,qu:0), a !bad item (cl:100,ty:0,pl:0,pl2:0,sp:0,qu:0), a !bad item (cl:100,ty:0,pl:0,pl2:0,sp:0,qu:0), a !bad item (cl:100,ty:0,pl:0,pl2:0,sp:0,qu:0), a !bad item (cl:100,ty:0,pl:0,pl2:0,sp:0,qu:0), a !bad item (cl:100,ty:0,pl:0,pl2:0,sp:0,qu:0), a !bad item (cl:100,ty:0,pl:0,pl2:0,sp:0,qu:0), a !bad item (cl:100,ty:0,pl:0,pl2:0,sp:0,qu:0), a !bad item (cl:100,ty:0,pl:0,pl2:0,sp:0,qu:0), a !bad item (cl:100,ty:0,pl:0,pl2:0,sp:0,qu:0), a !bad item (cl:100,ty:0,pl:0,pl2:0,sp:0,qu:0), a !bad item (cl:100,ty:0,pl:0,pl2:0,sp:0,qu:0), a !bad item (cl:100,ty:0,pl:0,pl2:0,sp:0,qu:0), a !bad item (cl:100,ty:0,pl:0,pl2:0,sp:0,qu:0), a !bad item (cl:100,ty:0,pl:0,pl2:0,sp:0,qu:0), a !bad item (cl:100,ty:0,pl:0,pl2:0,sp:0,qu:0)
     0 | D:1      | Reached XP level 1. HP: 16/16 MP: 2/2
   511 | D:1      | Reached XP level 2. HP: 18/23 MP: 3/3
   953 | D:1      | Reached skill level 3 in Fighting
  1599 | D:2      | Noticed Robin
  1644 | D:1      | HP: 3/24 [goblin/club[Robin] (6)]
  1645 | D:1      | Slain by a goblin

Vault maps used:
D:1:      dpeg_arrival_tiny_i
D:2:      uniq_robin

Action                   || total
-------------------------++-------
Melee: Short sword       ||    88
       Dagger            ||    13
 Stab: Sleeping          ||     4

Table legend:
 A = Turns spent in this place as a percentage of turns spent in the entire game.
 B = Non-inter-level travel turns spent in this place as a percentage of non-inter-level travel turns spent in the entire game.
 C = Inter-level travel turns spent in this place as a percentage of turns spent in this place.
 D = Turns resting spent in this place as a percentage of non-inter-level travel turns spent in this place.
 E = Turns spent auto-exploring this place as a percentage of non-inter-level travel turns spent in this place.
 F = Non-inter-level travel turns spent in this place divided by the number of levels of this place that you've seen.
                   A       B       C       D       E      F
               +-------+-------+-------+-------+-------+----------------------
         Total | 100.0 | 100.0 |   0.2 |   4.9 |   6.9 | 226.0
       Dungeon | 100.0 | 100.0 |   0.2 |   4.9 |   6.9 | 226.0
               +-------+-------+-------+-------+-------+----------------------

Vault maps used:
D:1:      dpeg_arrival_tiny_i
D:2:      uniq_robin
